 Dungeon Crawl Stone Soup version 0.23.2-40-g277498a001 (webtiles) character file.

Game seed: 1753657399048545583

1322 Descartes the Skirmisher (level 8, 0/65 HPs)
             Began as a Formicid Abyssal Knight on Sept 28, 2019.
             Was a Priest of Lugonu.
             Slain by raetorn's ghost (7 damage)
             ... on level 3 of the Dungeon.
             The game lasted 00:14:31 (5950 turns).

Descartes the Skirmisher (Formicid Abyssal Knight)  Turns: 5950, Time: 00:14:32

Health: 0/65       AC: 15    Str: 19    XL:     8   Next: 90%
Magic:  0/10       EV:  6    Int: 12    God:    Lugonu [***...]
Gold:   188        SH:  4    Dex: 10    Spells: 7/7 levels left

rFire    . . .     SeeInvis +   a - +1 spear
rCold    . . .     Gourm    .   u - +0 buckler
rNeg     . . .     Faith    .   n - +0 plate armour
rPois    +         Spirit   +   (helmet unavailable)
rElec    .         Reflect  .   w - scarf {Spirit}
rCorr    .         Harm     .   (no gloves)
MR       .....                  m - +0 pair of boots
Stlth    ..........             (no amulet)
HPRegen  0.20/turn              y - ring of poison resistance
MPRegen  0.12/turn              (no ring)

@: no status effects
A: permanent stasis, dig shafts and tunnels, four strong arms, antennae 3, icy
blue scales 1, screaming 1
a: Dig, Shaft Self, Depart the Abyss, Bend Space, Banish, Renounce Religion


You were on level 3 of the Dungeon.
You worshipped Lugonu.
Lugonu was most pleased with you.
You were not hungry.

You visited 2 branches of the dungeon, and saw 6 of its levels.
You visited the Abyss 1 time.

You collected 188 gold pieces.

Inventory:

Hand Weapons
 a - a +1 spear (weapon)
 b - a +0 hand crossbow
 s - a +1 dagger of venom
Missiles
 d - 232 stones (quivered)
 h - 59 arrows
 j - 20 bolts
 q - 8 needles of confusion
 v - 15 tomahawks
Armour
 m - a +0 pair of boots (worn)
 n - a +0 plate armour (worn)
 u - a +0 buckler (worn)
 w - a scarf of spirit shield (worn)
Jewellery
 y - a ring of poison resistance (left hand)
Wands
 k - a wand of flame (21)
 o - a wand of iceblast (9)
Scrolls
 e - 6 scrolls of teleportation {unknown}
 g - 2 scrolls of fear {unknown}
 i - 8 scrolls of identify {unknown}
 l - 5 scrolls of remove curse {unknown}
 p - a scroll of enchant weapon {unknown}
 t - a scroll of enchant armour {unknown}
 x - a scroll of amnesia {unknown}
Potions
 f - a potion of curing
 z - a potion of degeneration
Comestibles
 c - 8 rations


   Skills:
 + Level 6.7 Fighting
 - Level 5.9 Polearms
 + Level 5.2 Armour
 + Level 2.5 Dodging
 - Level 0.6 Stealth
 - Level 2.6 Shields
 + Level 3.6 Invocations
 + Level 1.3 Evocations


You had 7 spell levels left.
You didn't know any spells.
Your spell library was empty.

Dungeon Overview and Level Annotations

Branches:
Dungeon (5/15)             Temple (1/1) D:4

Altars:
Cheibriados
Dithmenos
Elyvilon
Fedhas
Gozag
Kikubaaqudgha
Makhleb
Nemelex Xobeh
Okawaru
Qazlal
Trog
Vehumet
Wu Jian
Lugonu

Annotations:
D:3 raetorn's ghost, novice DrTm


Innate Abilities, Weirdness & Mutations

You cannot be hasted, slowed, berserked, paralysed or teleported.
You can dig through walls and to a lower floor.
Your four strong arms can wield two-handed weapons with a shield.
You have a pair of large antennae on your head. (SInv)
You are partially covered in icy blue scales. (AC +2)
You occasionally shout uncontrollably at your foes.


Message History

Raetorn's ghost shouts, "They lied to you.
The Dungeon just goes down and down forever."
Raetorn's ghost screams, "They lied to you.
The Dungeon just goes down and down forever."
You hit raetorn's ghost but do no damage.
Raetorn's ghost is severely damaged.
Raetorn's ghost hits you!
* * * LOW HITPOINT WARNING * * *
You hit raetorn's ghost but do no damage.
Raetorn's ghost is severely damaged.
You hit raetorn's ghost but do no damage.
Raetorn's ghost is severely damaged.
Raetorn's ghost hits you.
* * * LOW HITPOINT WARNING * * *
Your plate armour prevents you from hitting raetorn's ghost.
Raetorn's ghost is severely damaged.
Raetorn's ghost says very slowly, "There's no hope."
Raetorn's ghost hits you.
You puncture raetorn's ghost!
Raetorn's ghost is almost destroyed.
Raetorn's ghost hits you!
You die...

#.# #.#
#.# #.#
#######.#
#....##.#
#.##.##.#
#.......#
#..#.W@.#
#..####.#
#..####.##
#........#
#.########
#.#......#
#.#.#....#
#.#.#...##
#.#.#...##


You could see raetorn's ghost.

Vanquished Creatures
  Grinder (D:5)
  Eustachio (D:5)
  A sky beast (D:5)
  2 ice beasts (D:5)
  A big kobold (D:5)
  2 scorpions
  A howler monkey (D:5)
  A bullfrog zombie (D:5)
  A jelly (D:5)
  4 hounds (D:4)
  An orc wizard (D:4)
  4 worker ants (D:4)
  2 hound skeletons
  6 adders
  A shadow imp (D:5)
  2 oozes
  3 adder skeletons
  A worm (D:2)
  5 dart slugs
  5 leopard geckos
  9 orcs
  A ball python (D:2)
  3 bats
  7 giant cockroaches
  8 goblins
  5 hobgoblins
  2 jackals (D:4)
  2 quokkas
  6 frilled lizards
  6 kobolds
  2 quokka skeletons
  4 rats
100 creatures vanquished.

Vanquished Creatures (others)
  2 fungi (D:5)
  3 plants (D:5)
5 creatures vanquished.

Grand Total: 105 creatures vanquished

Notes
Turn   | Place    | Note
-------+----------+-------------------------------------------
     0 | Abyss:1  | Descartes the Formicid Abyssal Knight began the quest for
                  | the Orb.
     0 | Abyss:1  | Reached XP level 1. HP: 18/18 MP: 2/2
     0 | Abyss:1  | Found a corrupted altar of Lugonu.
    72 | Abyss:1  | Noticed a rime drake
   117 | Abyss:1  | Noticed a starcursed mass
   117 | Abyss:1  | Noticed a tentacled starspawn
   122 | D:1      | Escaped the Abyss
   526 | D:1      | Reached XP level 2. HP: 23/25 MP: 3/3
   535 | D:1      | Reached skill level 4 in Fighting
   623 | D:1      | Reached * piety under Lugonu
   719 | D:1      | Reached XP level 3. HP: 30/30 MP: 4/4
   780 | D:1      | Reached skill level 1 in Dodging
  1540 | D:2      | Found a bloodstained altar of Trog.
  1696 | D:2      | Reached XP level 4. HP: 36/38 MP: 5/5
  1990 | D:2      | Reached ** piety under Lugonu
  2203 | D:3      | Found a radiant altar of Vehumet.
  2512 | D:3      | Found an opulent altar of Gozag.
  2517 | D:3      | Found a white marble altar of Elyvilon.
  2943 | D:4      | Reached XP level 5. HP: 43/43 MP: 6/6
  3080 | D:4      | Reached XP level 6. HP: 40/49 MP: 7/7
  3141 | D:4      | Reached skill level 5 in Fighting
  3162 | D:4      | Found a staircase to the Ecumenical Temple.
  3626 | Temple   | Entered the Ecumenical Temple
  3695 | D:4      | Reached skill level 1 in Shields
  3695 | D:4      | Reached XP level 7. HP: 41/56 MP: 6/8
  4105 | D:5      | Entered Level 5 of the Dungeon
  4361 | D:5      | Reached *** piety under Lugonu
  4407 | D:5      | Reached skill level 5 in Polearms
  4440 | D:5      | Noticed Grinder
  4472 | D:5      | Gained mutation: You occasionally shout uncontrollably at
                  | your foes. [potion of mutation]
  4472 | D:5      | Gained mutation: You are partially covered in icy blue
                  | scales. (AC +2) [potion of mutation]
  4519 | D:5      | Killed Grinder
  4519 | D:5      | Reached skill level 6 in Fighting
  4519 | D:5      | Reached XP level 8. HP: 37/64 MP: 7/9
  4736 | D:5      | Noticed Eustachio
  4777 | D:5      | Killed Eustachio
  5051 | D:5      | Reached skill level 5 in Armour
  5086 | D:5      | Found a runed translucent gate.
  5086 | D:5      | Found a runed translucent gate.
  5086 | D:5      | Identified the +5 dagger of Fedhas {elec, rF++ Dex+2
                  | Stlth+}
  5086 | D:5      | Noticed raetorn's ghost (novice DrTm)
  5088 | D:5      | Found a runed translucent gate.
  5170 | D:5      | Found a blossoming altar of Fedhas.
  5197 | D:5      | Reached skill level 1 in Evocations
  5206 | D:5      | Found a stormy altar of Qazlal.
  5894 | D:3      | HP: 1/65 [raetorn's ghost (4)]
  5950 | D:3      | Slain by raetorn's ghost

Skill      XL: |  1  2  3  4  5  6  7  8 |
---------------+-------------------------+-----
Fighting       | 4 5 6 |  6.7
Dodging        | 1 2 |  2.5
Polearms       | 3 4 5 |  5.9
Armour         | 3 4 5 |  5.2
Shields        | 1 2 |  2.6
Invocations    | 3 |  3.6
Evocations     | 1 |  1.3
Stealth        | |  0.6

Action                   |  1- 3 |  4- 6 |  7- 9 || total
-------------------------+-------+-------+-------++-------
Melee: Spear             |   120 |   249 |   410 ||   779
 Fire: Hand crossbow     |       |       |    12 ||    12
Invok: Depart the Abyss  |     1 |       |       ||     1
 Abil: Dig               |       |     1 |     2 ||     3
  Use: Potion            |       |       |    11 ||    11
  Eat: Chunk             |     3 |     6 |     6 ||    15
       Ration            |       |       |     1 ||     1
Armor: Leather armour    |     8 |       |       ||     8
       Plate armour      |    45 |   205 |   178 ||   428
Dodge: Dodged            |    34 |    75 |    74 ||   183
Block: Buckler           |       |    25 |    40 ||    65
